[ AOE2 MATCH · #477599723 ]
Team RMRomans vs Celts
[ REPLAY ANALYSIS · EXTRACTED FROM THE RECORDED GAME ]
Feudal
—
Castle
—
Imperial
—
| APM avg | 36.0 |
| APM peak | 66 |
| eAPM avg | 23.0 |
| Villagers / military | 180 / 100 |
Focus
⚔️ 31.7% · 🌾 68.3%
Centurion ×77 · Scorpion ×8 · Scout Cavalry ×7 · Militia ×6 · Monk ×1 · Mangonel ×1
Feudal
13:19
Castle
40:40
Imperial
—
| APM avg | 20.8 |
| APM peak | 50 |
| eAPM avg | 14.2 |
| Villagers / military | 146 / 0 |
Focus
⚔️ 17.4% · 🌾 82.6%
Feudal
12:58
Castle
26:41
Imperial
42:21
| APM avg | 25.7 |
| APM peak | 63 |
| eAPM avg | 14.5 |
| Villagers / military | 120 / 105 |
Focus
⚔️ 30.3% · 🌾 69.7%
Skirmisher ×77 · Scout Cavalry ×18 · Archer ×5 · Battering Ram ×4 · Spearman ×1
Feudal
14:23
Castle
20:00
Imperial
—
| APM avg | 32.5 |
| APM peak | 143 |
| eAPM avg | 15.1 |
| Villagers / military | 141 / 29 |
Focus
⚔️ 26.9% · 🌾 73.1%
Rattan Archer ×29
Feudal
13:17
Castle
21:28
Imperial
39:21
| APM avg | 62.5 |
| APM peak | 117 |
| eAPM avg | 33.4 |
| Villagers / military | 162 / 194 |
Focus
⚔️ 23.9% · 🌾 76.1%
Skirmisher ×82 · Knight ×77 · Scout Cavalry ×29 · Throwing Axeman ×6
Feudal
14:28
Castle
17:58
Imperial
34:49
| APM avg | 26.1 |
| APM peak | 56 |
| eAPM avg | 17.3 |
| Villagers / military | 146 / 258 |
Focus
⚔️ 41.5% · 🌾 58.5%
Woad Raider ×127 · Spearman ×120 · Battering Ram ×11
Feudal
13:57
Castle
20:45
Imperial
—
| APM avg | 50.2 |
| APM peak | 126 |
| eAPM avg | 21.4 |
| Villagers / military | 126 / 72 |
Focus
⚔️ 25.9% · 🌾 74.1%
Knight ×71 · Spearman ×1
Feudal
13:58
Castle
17:29
Imperial
36:36
| APM avg | 36.5 |
| APM peak | 69 |
| eAPM avg | 20.7 |
| Villagers / military | 186 / 129 |
Focus
⚔️ 26.7% · 🌾 73.3%
Genoese Crossbowman ×108 · Bombard Cannon ×16 · Scorpion ×3 · Mangonel ×2
Match map
Initial resources + every placement click. Lines = walls · curves = elevation contours. ◆ gold · ⬟ stone · ● berries · ✦ relic · ◌ wall gap
Inputs per minute
— Valenp34 - - MATE
Build order — Valenp34
First 150 of 464 actions detected
| 0:01 | Build | House |
| 0:02 | Build | House |
| 0:09 | Build | Town Center |
| 2:35 | Create | Villager (Male) |
| 2:36 | Create | Villager (Male) |
| 2:36 | Create | Villager (Male) |
| 2:36 | Create | Villager (Male) |
| 2:37 | Create | Villager (Male) |
| 2:45 | Build | Lumber Camp |
| 3:45 | Create | Villager (Male) |
| 3:46 | Create | Villager (Male) |
| 4:16 | Create | Villager (Male) |
| 4:48 | Create | Villager (Male) |
| 5:17 | Create | Villager (Male) |
| 5:24 | Build | House |
| 5:37 | Build | Palisade Wall |
| 5:45 | Create | Villager (Male) |
| 6:22 | Create | Villager (Male) |
| 6:22 | Create | Villager (Male) |
| 6:30 | Create | Villager (Male) |
| 7:04 | Create | Villager (Male) |
| 7:15 | Build | Mill |
| 7:18 | Create | Villager (Male) |
| 7:30 | Create | Villager (Male) |
| 7:53 | Build | House |
| 8:02 | Create | Villager (Male) |
| 8:26 | Create | Villager (Male) |
| 8:31 | Create | Villager (Male) |
| 9:02 | Create | Villager (Male) |
| 9:12 | Research | Loom |
| 9:24 | Build | House |
| 9:43 | Research | Feudal Age |
| 9:51 | Build | Barracks |
| 10:21 | Build | Mining Camp |
| 10:43 | Create | Militia |
| 10:44 | Create | Militia |
| 11:06 | Create | Villager (Male) |
| 11:19 | Create | Militia |
| 11:46 | Create | Villager (Male) |
| 12:05 | Research | Double-Bit Axe |
| 12:07 | Build | House |
| 12:16 | Research | Man-at-Arms (upgrade) |
| 12:45 | Create | Villager (Male) |
| 12:46 | Create | Villager (Male) |
| 12:49 | Build | House |
| 12:55 | Build | Blacksmith |
| 13:02 | Build | Building 796 |
| 13:10 | Create | Militia |
| 13:14 | Create | Militia |
| 13:16 | Create | Villager (Male) |
| 13:19 | Build | House |
| 13:49 | Create | Militia |
| 13:51 | Build | House |
| 13:52 | Research | Scale Mail Armor |
| 14:09 | Create | Villager (Male) |
| 14:31 | Create | Villager (Male) |
| 15:13 | Create | Villager (Male) |
| 15:34 | Create | Villager (Male) |
| 15:46 | Create | Villager (Male) |
| 15:51 | Build | Market |
| 16:30 | Create | Villager (Male) |
| 16:52 | Build | House |
| 17:13 | Research | Castle Age |
| 17:13 | Research | Castle Age |
| 17:50 | Build | Stable |
| 17:56 | Research | Horse Collar |
| 18:13 | Build | Farm |
| 18:16 | Build | Farm |
| 18:56 | Build | Farm |
| 19:01 | Research | Bloodlines |
| 19:06 | Build | Palisade Wall |
| 19:11 | Build | Palisade Wall |
| 19:12 | Build | Palisade Wall |
| 20:02 | Create | Villager (Male) |
| 20:10 | Build | Castle |
| 20:13 | Create | Villager (Male) |
| 20:17 | Build | Farm |
| 20:24 | Build | Palisade Wall |
| 20:52 | Research | Fletching |
| 20:59 | Build | Farm |
| 21:01 | Build | Farm |
| 21:11 | Build | Palisade Wall |
| 21:14 | Build | Palisade Wall |
| 21:18 | Create | Villager (Male) |
| 21:35 | Build | Farm |
| 21:38 | Create | Villager (Male) |
| 21:49 | Create | Centurion |
| 21:59 | Build | Mill |
| 22:07 | Build | Mill |
| 22:10 | Create | Centurion |
| 22:23 | Create | Villager (Male) |
| 22:24 | Build | Farm |
| 22:25 | Build | Farm |
| 23:05 | Create | Villager (Male) |
| 23:14 | Build | Siege Workshop |
| 23:18 | Create | Villager (Male) |
| 23:22 | Research | Town Watch |
| 23:28 | Build | Monastery |
| 23:48 | Create | Villager (Male) |
| 23:56 | Research | Scale Barding Armor |
| 24:01 | Create | Centurion |
| 24:17 | Create | Villager (Male) |
| 24:30 | Create | Mangonel |
| 24:42 | Build | House |
| 24:43 | Create | Villager (Male) |
| 24:50 | Create | Villager (Male) |
| 25:13 | Create | Villager (Male) |
| 25:26 | Create | Centurion |
| 25:32 | Create | Villager (Male) |
| 25:35 | Build | House |
| 25:48 | Build | Town Center |
| 25:51 | Create | Villager (Male) |
| 26:07 | Build | House |
| 26:19 | Create | Villager (Male) |
| 26:19 | Create | Villager (Male) |
| 26:24 | Create | Villager (Male) |
| 26:24 | Create | Villager (Male) |
| 26:48 | Create | Monk |
| 27:12 | Create | Villager (Male) |
| 27:18 | Build | Mining Camp |
| 27:18 | Create | Villager (Male) |
| 27:19 | Create | Villager (Male) |
| 27:45 | Create | Centurion |
| 28:02 | Create | Villager (Male) |
| 28:05 | Create | Villager (Male) |
| 28:09 | Research | Wheelbarrow |
| 28:14 | Build | Town Center |
| 29:01 | Create | Villager (Male) |
| 29:02 | Create | Villager (Male) |
| 29:02 | Create | Villager (Male) |
| 29:13 | Create | Centurion |
| 29:24 | Build | Mill |
| 29:25 | Build | Farm |
| 29:25 | Build | Farm |
| 29:25 | Build | Farm |
| 29:26 | Build | Farm |
| 29:26 | Build | Farm |
| 29:26 | Build | Farm |
| 29:26 | Build | Farm |
| 29:38 | Build | Town Center |
| 29:42 | Create | Centurion |
| 29:46 | Create | Villager (Male) |
| 29:46 | Create | Villager (Male) |
| 29:46 | Create | Villager (Male) |
| 29:47 | Create | Villager (Male) |
| 29:55 | Build | Mining Camp |
| 30:13 | Create | Villager (Male) |
| 30:14 | Create | Villager (Male) |
| 30:14 | Create | Villager (Male) |
| 30:17 | Build | Farm |
Build order — MATE
First 150 of 260 actions detected
| 1:18 | Build | Town Center |
| 1:31 | Build | House |
| 3:24 | Create | Villager (Male) |
| 3:24 | Create | Villager (Male) |
| 3:25 | Create | Villager (Male) |
| 3:25 | Create | Villager (Male) |
| 3:25 | Create | Villager (Male) |
| 5:17 | Create | Villager (Male) |
| 5:18 | Create | Villager (Male) |
| 5:18 | Create | Villager (Male) |
| 5:53 | Research | Loom |
| 5:55 | Create | Villager (Male) |
| 5:55 | Create | Villager (Male) |
| 5:59 | Build | House |
| 6:56 | Build | Lumber Camp |
| 7:14 | Create | Villager (Male) |
| 7:14 | Create | Villager (Male) |
| 7:27 | Create | Villager (Male) |
| 7:27 | Create | Villager (Male) |
| 8:06 | Build | House |
| 9:04 | Create | Villager (Male) |
| 9:04 | Create | Villager (Male) |
| 9:32 | Create | Villager (Male) |
| 9:41 | Build | Mill |
| 9:48 | Create | Villager (Male) |
| 10:39 | Create | Villager (Male) |
| 11:09 | Research | Feudal Age |
| 13:07 | Create | Villager (Male) |
| 13:07 | Create | Villager (Male) |
| 13:19 | Age | Feudal Age |
| 13:41 | Build | Town Center |
| 13:44 | Create | Villager (Male) |
| 13:44 | Create | Villager (Male) |
| 15:41 | Create | Villager (Male) |
| 15:42 | Create | Villager (Male) |
| 15:42 | Create | Villager (Male) |
| 15:42 | Create | Villager (Male) |
| 15:43 | Create | Villager (Male) |
| 15:43 | Create | Villager (Male) |
| 15:44 | Create | Villager (Male) |
| 15:44 | Create | Villager (Male) |
| 16:02 | Create | Villager (Male) |
| 16:03 | Create | Villager (Male) |
| 16:36 | Create | Villager (Male) |
| 16:37 | Create | Villager (Male) |
| 16:43 | Build | Watch Tower |
| 16:47 | Build | House |
| 17:57 | Create | Villager (Male) |
| 17:57 | Create | Villager (Male) |
| 17:58 | Create | Villager (Male) |
| 17:58 | Create | Villager (Male) |
| 17:59 | Create | Villager (Male) |
| 18:12 | Build | Watch Tower |
| 19:11 | Build | House |
| 19:44 | Build | House |
| 20:35 | Build | Watch Tower |
| 20:40 | Create | Villager (Male) |
| 20:40 | Create | Villager (Male) |
| 20:40 | Create | Villager (Male) |
| 24:04 | Build | Market |
| 24:12 | Create | Villager (Male) |
| 24:13 | Create | Villager (Male) |
| 26:16 | Build | Town Center |
| 27:08 | Build | Town Center |
| 28:09 | Build | Palisade Wall |
| 28:14 | Build | Palisade Gate |
| 28:55 | Build | Palisade Gate |
| 28:58 | Build | Palisade Wall |
| 29:13 | Create | Villager (Male) |
| 29:14 | Create | Villager (Male) |
| 29:14 | Create | Villager (Male) |
| 29:15 | Create | Villager (Male) |
| 29:15 | Create | Villager (Male) |
| 29:43 | Build | House |
| 29:46 | Build | House |
| 30:43 | Build | Blacksmith |
| 31:03 | Build | Mill |
| 31:14 | Research | Wheelbarrow |
| 31:32 | Research | Fletching |
| 31:35 | Create | Villager (Male) |
| 31:35 | Create | Villager (Male) |
| 32:10 | Create | Villager (Male) |
| 32:10 | Create | Villager (Male) |
| 32:11 | Create | Villager (Male) |
| 32:25 | Build | Mill |
| 32:29 | Create | Villager (Male) |
| 32:29 | Create | Villager (Male) |
| 32:36 | Build | Mining Camp |
| 32:57 | Build | Mill |
| 33:09 | Build | Mill |
| 33:17 | Build | House |
| 33:19 | Build | House |
| 33:19 | Build | House |
| 33:49 | Create | Villager (Male) |
| 33:49 | Create | Villager (Male) |
| 33:49 | Create | Villager (Male) |
| 33:50 | Create | Villager (Male) |
| 33:50 | Create | Villager (Male) |
| 33:54 | Build | Lumber Camp |
| 34:09 | Create | Villager (Male) |
| 34:09 | Create | Villager (Male) |
| 34:09 | Create | Villager (Male) |
| 34:42 | Create | Villager (Male) |
| 34:42 | Create | Villager (Male) |
| 34:42 | Create | Villager (Male) |
| 35:20 | Build | House |
| 35:23 | Build | Palisade Wall |
| 35:26 | Build | House |
| 36:39 | Build | Market |
| 37:19 | Build | House |
| 38:00 | Research | Castle Age |
| 38:01 | Research | Castle Age |
| 38:01 | Research | Castle Age |
| 38:40 | Create | Villager (Male) |
| 38:40 | Create | Villager (Male) |
| 38:40 | Create | Villager (Male) |
| 38:41 | Create | Villager (Male) |
| 38:41 | Create | Villager (Male) |
| 38:42 | Create | Villager (Male) |
| 38:42 | Create | Villager (Male) |
| 39:10 | Research | Double-Bit Axe |
| 40:04 | Research | Horse Collar |
| 40:13 | Build | Mill |
| 40:40 | Age | Castle Age |
| 40:45 | Build | Town Center |
| 40:51 | Create | Villager (Male) |
| 40:51 | Create | Villager (Male) |
| 40:52 | Create | Villager (Male) |
| 41:07 | Create | Villager (Male) |
| 41:07 | Create | Villager (Male) |
| 41:19 | Build | Town Center |
| 41:31 | Build | Watch Tower |
| 41:51 | Create | Villager (Male) |
| 41:51 | Create | Villager (Male) |
| 41:52 | Create | Villager (Male) |
| 41:52 | Create | Villager (Male) |
| 42:03 | Research | Bow Saw |
| 42:25 | Create | Villager (Male) |
| 42:25 | Create | Villager (Male) |
| 42:26 | Create | Villager (Male) |
| 42:34 | Create | Villager (Male) |
| 42:34 | Create | Villager (Male) |
| 42:38 | Build | Farm |
| 42:50 | Create | Villager (Male) |
| 42:51 | Create | Villager (Male) |
| 42:55 | Build | Lumber Camp |
| 43:07 | Create | Villager (Male) |
| 43:08 | Create | Villager (Male) |
| 43:17 | Create | Villager (Male) |
| 43:18 | Create | Villager (Male) |
Build order — SMNT - KMUS
First 150 of 359 actions detected
| 0:39 | Build | Town Center |
| 0:43 | Build | House |
| 1:00 | Build | House |
| 3:05 | Create | Villager (Male) |
| 3:06 | Create | Villager (Male) |
| 3:06 | Create | Villager (Male) |
| 3:06 | Create | Villager (Male) |
| 3:06 | Create | Villager (Male) |
| 4:28 | Research | Loom |
| 4:56 | Create | Villager (Male) |
| 5:15 | Create | Villager (Male) |
| 6:01 | Build | House |
| 6:12 | Create | Villager (Male) |
| 6:13 | Create | Villager (Male) |
| 6:25 | Create | Villager (Male) |
| 6:51 | Create | Villager (Male) |
| 7:05 | Build | Lumber Camp |
| 7:07 | Build | House |
| 7:45 | Create | Villager (Male) |
| 8:06 | Create | Villager (Male) |
| 8:24 | Create | Villager (Male) |
| 8:24 | Create | Villager (Male) |
| 8:28 | Create | Villager (Male) |
| 8:52 | Build | Mill |
| 9:11 | Create | Villager (Male) |
| 9:25 | Create | Villager (Male) |
| 9:33 | Build | House |
| 10:10 | Create | Villager (Male) |
| 10:48 | Research | Feudal Age |
| 11:10 | Build | Barracks |
| 11:20 | Create | Villager (Male) |
| 11:20 | Create | Villager (Male) |
| 11:40 | Create | Villager (Male) |
| 12:31 | Build | House |
| 12:58 | Age | Feudal Age |
| 13:01 | Build | Stable |
| 13:04 | Create | Villager (Male) |
| 13:07 | Research | Double-Bit Axe |
| 13:14 | Build | Farm |
| 13:38 | Create | Villager (Male) |
| 13:49 | Create | Scout Cavalry |
| 13:49 | Create | Scout Cavalry |
| 13:58 | Build | Farm |
| 14:03 | Build | Farm |
| 14:15 | Build | Farm |
| 14:18 | Build | Farm |
| 14:32 | Create | Scout Cavalry |
| 14:37 | Build | Farm |
| 14:49 | Create | Scout Cavalry |
| 14:52 | Build | Farm |
| 15:00 | Build | Farm |
| 15:02 | Create | Villager (Male) |
| 15:10 | Create | Villager (Male) |
| 15:13 | Build | Farm |
| 15:34 | Build | House |
| 15:34 | Create | Spearman |
| 15:48 | Research | Wheelbarrow |
| 15:53 | Create | Villager (Male) |
| 15:57 | Build | Farm |
| 15:59 | Build | Market |
| 16:18 | Create | Villager (Male) |
| 16:18 | Create | Villager (Male) |
| 16:29 | Build | Watch Tower |
| 16:32 | Build | Mining Camp |
| 16:58 | Build | Watch Tower |
| 17:04 | Create | Villager (Male) |
| 17:22 | Build | Blacksmith |
| 17:24 | Create | Villager (Male) |
| 18:11 | Create | Villager (Male) |
| 18:14 | Research | Fletching |
| 18:26 | Build | Mining Camp |
| 18:30 | Build | Farm |
| 18:32 | Create | Villager (Male) |
| 18:46 | Build | Mining Camp |
| 18:47 | Create | Villager (Male) |
| 18:50 | Build | Farm |
| 18:53 | Build | Farm |
| 18:54 | Create | Villager (Male) |
| 19:07 | Create | Scout Cavalry |
| 19:08 | Create | Scout Cavalry |
| 19:40 | Build | Watch Tower |
| 19:44 | Build | House |
| 19:47 | Build | House |
| 19:53 | Create | Villager (Male) |
| 20:02 | Create | Scout Cavalry |
| 20:09 | Build | House |
| 20:12 | Create | Villager (Male) |
| 20:21 | Build | Farm |
| 20:26 | Create | Villager (Male) |
| 20:47 | Create | Villager (Male) |
| 21:33 | Create | Villager (Male) |
| 21:53 | Build | Archery Range |
| 22:30 | Create | Archer |
| 22:31 | Create | Archer |
| 22:47 | Create | Villager (Male) |
| 22:54 | Build | Farm |
| 23:01 | Build | Farm |
| 23:20 | Create | Archer |
| 23:36 | Create | Villager (Male) |
| 23:50 | Research | Castle Age |
| 24:40 | Build | Watch Tower |
| 24:49 | Create | Villager (Male) |
| 24:53 | Research | Horse Collar |
| 25:09 | Create | Archer |
| 25:09 | Create | Archer |
| 25:26 | Research | Stone Mining |
| 25:26 | Research | Gold Mining |
| 25:38 | Create | Villager (Male) |
| 25:51 | Build | Farm |
| 25:57 | Research | Town Watch |
| 25:59 | Create | Villager (Male) |
| 25:59 | Create | Villager (Male) |
| 26:41 | Age | Castle Age |
| 27:14 | Build | Castle |
| 27:18 | Build | Siege Workshop |
| 27:23 | Create | Villager (Male) |
| 27:34 | Research | Bodkin Arrow |
| 27:47 | Create | Villager (Male) |
| 27:53 | Research | Scale Barding Armor |
| 27:59 | Create | Scout Cavalry |
| 28:00 | Create | Scout Cavalry |
| 28:27 | Create | Villager (Male) |
| 28:27 | Create | Villager (Male) |
| 28:31 | Build | Lumber Camp |
| 28:47 | Create | Villager (Male) |
| 29:07 | Build | Town Center |
| 29:10 | Research | Bloodlines |
| 29:25 | Create | Villager (Male) |
| 29:25 | Create | Villager (Male) |
| 29:30 | Create | Scout Cavalry |
| 29:30 | Create | Scout Cavalry |
| 29:30 | Create | Scout Cavalry |
| 29:46 | Create | Villager (Male) |
| 29:52 | Research | Light Cavalry (upgrade) |
| 30:03 | Create | Battering Ram |
| 30:04 | Create | Battering Ram |
| 30:25 | Create | Villager (Male) |
| 30:25 | Create | Villager (Male) |
| 30:37 | Build | Mining Camp |
| 30:56 | Create | Villager (Male) |
| 30:56 | Create | Villager (Male) |
| 31:01 | Create | Scout Cavalry |
| 31:19 | Research | Chain Barding Armor |
| 31:19 | Research | Chain Barding Armor |
| 31:52 | Create | Battering Ram |
| 32:07 | Create | Villager (Male) |
| 32:07 | Create | Villager (Male) |
| 32:07 | Create | Villager (Male) |
| 32:16 | Create | Battering Ram |
| 32:33 | Build | Watch Tower |
Build order — Akash_98
First 150 of 257 actions detected
| 0:05 | Build | Town Center |
| 0:25 | Build | House |
| 2:36 | Create | Villager (Male) |
| 2:36 | Create | Villager (Male) |
| 2:37 | Create | Villager (Male) |
| 2:38 | Create | Villager (Male) |
| 3:32 | Create | Villager (Male) |
| 3:47 | Build | Lumber Camp |
| 4:10 | Create | Villager (Male) |
| 4:32 | Create | Villager (Male) |
| 4:59 | Create | Villager (Male) |
| 5:03 | Research | Loom |
| 5:03 | Create | Villager (Male) |
| 5:04 | Create | Villager (Male) |
| 5:11 | Create | Villager (Male) |
| 5:30 | Create | Villager (Male) |
| 5:49 | Build | House |
| 6:00 | Build | House |
| 6:12 | Build | Palisade Gate |
| 6:20 | Build | House |
| 6:21 | Create | Villager (Male) |
| 6:24 | Create | Villager (Male) |
| 6:24 | Create | Villager (Male) |
| 6:32 | Create | Villager (Male) |
| 7:15 | Create | Villager (Male) |
| 7:15 | Create | Villager (Male) |
| 7:32 | Create | Villager (Male) |
| 7:54 | Create | Villager (Male) |
| 8:04 | Create | Villager (Male) |
| 8:58 | Create | Villager (Male) |
| 8:58 | Create | Villager (Male) |
| 9:16 | Create | Villager (Male) |
| 9:17 | Create | Villager (Male) |
| 9:18 | Create | Villager (Male) |
| 9:18 | Create | Villager (Male) |
| 9:22 | Create | Villager (Male) |
| 9:26 | Build | House |
| 9:27 | Build | Palisade Wall |
| 9:29 | Create | Villager (Male) |
| 9:30 | Create | Villager (Male) |
| 10:08 | Create | Villager (Male) |
| 10:12 | Create | Villager (Male) |
| 10:32 | Build | Mill |
| 10:33 | Create | Villager (Male) |
| 10:33 | Create | Villager (Male) |
| 11:06 | Build | Mining Camp |
| 11:10 | Create | Villager (Male) |
| 11:11 | Create | Villager (Male) |
| 11:12 | Create | Villager (Male) |
| 11:20 | Build | House |
| 11:24 | Build | Palisade Wall |
| 11:30 | Create | Villager (Male) |
| 11:50 | Create | Villager (Male) |
| 12:02 | Research | Feudal Age |
| 12:43 | Build | Mining Camp |
| 13:09 | Build | Palisade Wall |
| 13:27 | Create | Villager (Male) |
| 13:28 | Create | Villager (Male) |
| 13:53 | Build | Palisade Wall |
| 14:00 | Build | Palisade Wall |
| 14:23 | Age | Feudal Age |
| 14:26 | Create | Villager (Male) |
| 14:38 | Build | Market |
| 14:55 | Build | Watch Tower |
| 15:04 | Create | Villager (Male) |
| 15:14 | Create | Villager (Male) |
| 15:27 | Build | House |
| 15:33 | Create | Villager (Male) |
| 15:39 | Create | Villager (Male) |
| 15:53 | Create | Villager (Male) |
| 16:15 | Build | House |
| 16:16 | Build | Palisade Wall |
| 16:30 | Create | Villager (Male) |
| 16:39 | Build | Blacksmith |
| 16:45 | Create | Villager (Male) |
| 17:18 | Research | Castle Age |
| 17:59 | Research | Double-Bit Axe |
| 18:38 | Build | Mill |
| 19:25 | Build | House |
| 19:27 | Build | House |
| 19:43 | Build | Palisade Wall |
| 20:00 | Age | Castle Age |
| 20:02 | Create | Villager (Male) |
| 21:16 | Build | Castle |
| 21:19 | Create | Villager (Male) |
| 21:25 | Build | Town Center |
| 21:29 | Build | Palisade Wall |
| 21:32 | Build | House |
| 21:39 | Build | Palisade Wall |
| 21:41 | Build | Palisade Wall |
| 21:44 | Build | Palisade Wall |
| 21:54 | Research | Fletching |
| 21:55 | Create | Villager (Male) |
| 21:56 | Create | Villager (Male) |
| 22:16 | Research | Bow Saw |
| 22:37 | Build | Mining Camp |
| 22:48 | Create | Rattan Archer |
| 22:48 | Create | Rattan Archer |
| 22:48 | Create | Rattan Archer |
| 22:55 | Create | Rattan Archer |
| 22:56 | Create | Rattan Archer |
| 23:11 | Create | Rattan Archer |
| 23:12 | Create | Rattan Archer |
| 23:17 | Build | Mining Camp |
| 23:31 | Create | Villager (Male) |
| 23:31 | Create | Villager (Male) |
| 23:36 | Create | Villager (Male) |
| 23:36 | Create | Villager (Male) |
| 23:37 | Create | Villager (Male) |
| 23:37 | Create | Villager (Male) |
| 23:38 | Create | Villager (Male) |
| 23:38 | Create | Villager (Male) |
| 23:41 | Build | Lumber Camp |
| 23:46 | Create | Rattan Archer |
| 23:47 | Create | Rattan Archer |
| 24:41 | Create | Rattan Archer |
| 24:59 | Build | Town Center |
| 25:04 | Build | House |
| 25:09 | Build | Palisade Wall |
| 25:11 | Build | Palisade Wall |
| 25:21 | Create | Rattan Archer |
| 25:21 | Create | Rattan Archer |
| 25:25 | Create | Villager (Male) |
| 25:27 | Create | Villager (Male) |
| 25:27 | Create | Villager (Male) |
| 25:56 | Build | Lumber Camp |
| 26:26 | Create | Villager (Male) |
| 26:28 | Create | Rattan Archer |
| 26:31 | Create | Villager (Male) |
| 26:32 | Create | Villager (Male) |
| 26:32 | Create | Villager (Male) |
| 26:32 | Create | Villager (Male) |
| 26:35 | Build | Farm |
| 26:39 | Build | Farm |
| 26:41 | Create | Villager (Male) |
| 26:41 | Create | Villager (Male) |
| 26:41 | Create | Villager (Male) |
| 26:42 | Create | Villager (Male) |
| 26:42 | Create | Villager (Male) |
| 26:42 | Create | Villager (Male) |
| 26:43 | Create | Villager (Male) |
| 27:01 | Create | Villager (Male) |
| 27:02 | Create | Villager (Male) |
| 27:02 | Create | Villager (Male) |
| 27:06 | Build | Farm |
| 27:10 | Build | Farm |
| 27:22 | Create | Rattan Archer |
| 27:22 | Create | Rattan Archer |
| 27:23 | Create | Rattan Archer |
| 27:46 | Create | Villager (Male) |
Build order — TheMarshall
First 150 of 573 actions detected
| 0:52 | Build | Town Center |
| 1:18 | Build | House |
| 2:57 | Create | Villager (Male) |
| 2:57 | Create | Villager (Male) |
| 2:57 | Create | Villager (Male) |
| 2:58 | Create | Villager (Male) |
| 2:58 | Create | Villager (Male) |
| 3:00 | Research | Loom |
| 3:50 | Create | Villager (Male) |
| 3:50 | Create | Villager (Male) |
| 4:13 | Create | Villager (Male) |
| 4:38 | Create | Villager (Male) |
| 4:38 | Create | Villager (Male) |
| 4:42 | Build | Lumber Camp |
| 5:13 | Create | Villager (Male) |
| 5:13 | Create | Villager (Male) |
| 5:32 | Create | Villager (Male) |
| 5:32 | Create | Villager (Male) |
| 5:46 | Create | Villager (Male) |
| 5:46 | Create | Villager (Male) |
| 6:07 | Create | Villager (Male) |
| 6:15 | Create | Villager (Male) |
| 6:28 | Build | House |
| 7:01 | Build | House |
| 8:31 | Build | Mill |
| 8:37 | Create | Villager (Male) |
| 8:38 | Create | Villager (Male) |
| 9:39 | Create | Villager (Male) |
| 9:51 | Create | Villager (Male) |
| 9:57 | Build | House |
| 10:25 | Create | Villager (Male) |
| 10:43 | Research | Feudal Age |
| 10:59 | Build | Barracks |
| 11:51 | Build | Mill |
| 12:10 | Build | House |
| 12:15 | Create | Villager (Male) |
| 13:09 | Create | Villager (Male) |
| 13:17 | Age | Feudal Age |
| 13:40 | Build | Stable |
| 13:44 | Create | Villager (Male) |
| 13:57 | Build | House |
| 14:14 | Create | Villager (Male) |
| 14:33 | Create | Scout Cavalry |
| 14:33 | Create | Scout Cavalry |
| 14:44 | Build | Lumber Camp |
| 14:45 | Create | Villager (Male) |
| 15:08 | Create | Villager (Male) |
| 15:08 | Create | Villager (Male) |
| 15:10 | Create | Villager (Male) |
| 15:30 | Create | Villager (Male) |
| 15:37 | Build | Mining Camp |
| 16:00 | Create | Villager (Male) |
| 16:33 | Create | Villager (Male) |
| 16:36 | Build | Farm |
| 16:36 | Build | Farm |
| 16:37 | Build | Farm |
| 16:37 | Build | Farm |
| 16:37 | Build | Farm |
| 17:01 | Build | Farm |
| 17:15 | Build | Farm |
| 17:23 | Build | Farm |
| 17:35 | Create | Villager (Male) |
| 18:03 | Build | Blacksmith |
| 18:06 | Create | Villager (Male) |
| 18:11 | Create | Villager (Male) |
| 18:17 | Build | House |
| 18:48 | Research | Castle Age |
| 18:56 | Build | House |
| 18:57 | Research | Double-Bit Axe |
| 18:57 | Research | Double-Bit Axe |
| 19:35 | Build | Lumber Camp |
| 19:52 | Build | Farm |
| 19:53 | Build | Farm |
| 19:56 | Build | Farm |
| 19:57 | Build | Farm |
| 20:08 | Build | House |
| 20:10 | Build | Palisade Wall |
| 20:10 | Build | Palisade Wall |
| 20:13 | Build | Palisade Wall |
| 20:15 | Build | Palisade Wall |
| 20:48 | Create | Villager (Male) |
| 20:49 | Create | Villager (Male) |
| 21:05 | Create | Villager (Male) |
| 21:14 | Research | Scale Barding Armor |
| 21:27 | Create | Villager (Male) |
| 21:28 | Age | Castle Age |
| 21:30 | Create | Knight |
| 21:30 | Create | Knight |
| 21:31 | Create | Knight |
| 21:37 | Build | Farm |
| 21:41 | Build | Town Center |
| 21:46 | Build | Town Center |
| 21:53 | Create | Knight |
| 21:54 | Create | Knight |
| 21:57 | Create | Villager (Male) |
| 22:01 | Build | House |
| 22:05 | Build | Farm |
| 22:07 | Build | Farm |
| 22:10 | Build | Farm |
| 22:13 | Build | Farm |
| 22:16 | Build | Farm |
| 22:17 | Build | Farm |
| 22:25 | Build | Farm |
| 22:26 | Create | Villager (Male) |
| 22:56 | Build | Palisade Wall |
| 22:59 | Build | Palisade Wall |
| 23:11 | Create | Knight |
| 23:11 | Create | Knight |
| 23:22 | Create | Villager (Male) |
| 23:22 | Create | Villager (Male) |
| 23:26 | Build | Farm |
| 23:31 | Build | Farm |
| 23:32 | Build | Farm |
| 23:34 | Create | Villager (Male) |
| 23:34 | Create | Villager (Male) |
| 23:42 | Create | Villager (Male) |
| 23:42 | Create | Villager (Male) |
| 23:47 | Build | Farm |
| 23:48 | Build | Farm |
| 23:57 | Create | Villager (Male) |
| 23:57 | Create | Villager (Male) |
| 24:11 | Create | Villager (Male) |
| 24:11 | Create | Villager (Male) |
| 24:16 | Build | Farm |
| 24:20 | Build | Farm |
| 24:23 | Build | Farm |
| 24:23 | Build | Farm |
| 24:34 | Create | Knight |
| 24:34 | Create | Knight |
| 24:40 | Create | Villager (Male) |
| 24:40 | Create | Villager (Male) |
| 25:04 | Create | Villager (Male) |
| 25:04 | Create | Villager (Male) |
| 25:05 | Create | Villager (Male) |
| 25:05 | Create | Villager (Male) |
| 25:10 | Build | Farm |
| 25:14 | Create | Villager (Male) |
| 25:14 | Create | Villager (Male) |
| 25:27 | Create | Villager (Male) |
| 25:27 | Create | Villager (Male) |
| 25:35 | Build | Stable |
| 25:40 | Create | Villager (Male) |
| 25:40 | Create | Villager (Male) |
| 25:43 | Create | Villager (Male) |
| 25:48 | Create | Villager (Male) |
| 26:04 | Create | Knight |
| 26:04 | Create | Knight |
| 26:04 | Create | Knight |
| 26:10 | Create | Villager (Male) |
| 26:10 | Create | Villager (Male) |
Build order — nickneime
First 150 of 525 actions detected
| 0:26 | Build | Town Center |
| 2:25 | Build | House |
| 2:43 | Create | Villager (Male) |
| 2:43 | Create | Villager (Male) |
| 2:45 | Research | Loom |
| 2:46 | Create | Villager (Male) |
| 2:46 | Create | Villager (Male) |
| 2:46 | Create | Villager (Male) |
| 2:47 | Create | Villager (Male) |
| 2:56 | Build | House |
| 3:38 | Create | Villager (Male) |
| 3:39 | Create | Villager (Male) |
| 4:35 | Create | Villager (Male) |
| 4:35 | Create | Villager (Male) |
| 4:58 | Build | Lumber Camp |
| 5:32 | Create | Villager (Male) |
| 5:32 | Create | Villager (Male) |
| 5:32 | Create | Villager (Male) |
| 5:46 | Build | House |
| 6:21 | Create | Villager (Male) |
| 6:21 | Create | Villager (Male) |
| 6:27 | Build | House |
| 6:47 | Create | Villager (Male) |
| 6:48 | Create | Villager (Male) |
| 6:48 | Create | Villager (Male) |
| 6:48 | Create | Villager (Male) |
| 7:43 | Create | Villager (Male) |
| 7:44 | Create | Villager (Male) |
| 7:48 | Build | Mill |
| 8:47 | Create | Villager (Male) |
| 9:05 | Build | House |
| 9:16 | Create | Villager (Male) |
| 9:17 | Create | Villager (Male) |
| 9:17 | Create | Villager (Male) |
| 10:18 | Create | Villager (Male) |
| 10:18 | Create | Villager (Male) |
| 10:58 | Create | Villager (Male) |
| 11:07 | Build | Mining Camp |
| 11:31 | Create | Villager (Male) |
| 12:04 | Research | Feudal Age |
| 12:25 | Build | House |
| 13:05 | Build | Barracks |
| 13:17 | Build | Barracks |
| 13:55 | Create | Villager (Male) |
| 13:55 | Create | Villager (Male) |
| 14:28 | Age | Feudal Age |
| 14:33 | Build | Stable |
| 14:35 | Build | Blacksmith |
| 14:38 | Build | House |
| 14:43 | Research | Double-Bit Axe |
| 14:57 | Build | Mining Camp |
| 15:17 | Research | Castle Age |
| 15:37 | Research | Stone Mining |
| 15:37 | Research | Stone Mining |
| 17:53 | Create | Villager (Male) |
| 17:53 | Create | Villager (Male) |
| 17:58 | Age | Castle Age |
| 18:02 | Build | Town Center |
| 18:10 | Build | Town Center |
| 18:16 | Research | Bow Saw |
| 18:34 | Research | Horse Collar |
| 18:36 | Create | Villager (Male) |
| 18:43 | Build | Mill |
| 18:51 | Create | Villager (Male) |
| 18:55 | Create | Villager (Male) |
| 18:55 | Create | Villager (Male) |
| 19:10 | Create | Villager (Male) |
| 19:10 | Create | Villager (Male) |
| 19:11 | Create | Villager (Male) |
| 19:30 | Create | Villager (Male) |
| 19:30 | Create | Villager (Male) |
| 19:42 | Create | Villager (Male) |
| 19:42 | Create | Villager (Male) |
| 20:05 | Build | Town Center |
| 20:07 | Create | Villager (Male) |
| 20:08 | Create | Villager (Male) |
| 20:08 | Create | Villager (Male) |
| 20:33 | Create | Villager (Male) |
| 20:33 | Create | Villager (Male) |
| 20:44 | Build | Farm |
| 20:45 | Build | Farm |
| 20:46 | Build | Farm |
| 20:47 | Build | Farm |
| 20:48 | Build | Farm |
| 20:49 | Build | Farm |
| 20:57 | Create | Villager (Male) |
| 20:57 | Create | Villager (Male) |
| 21:08 | Build | Castle |
| 21:11 | Build | Farm |
| 21:13 | Build | Farm |
| 21:14 | Build | Farm |
| 21:23 | Create | Villager (Male) |
| 21:23 | Create | Villager (Male) |
| 21:23 | Create | Villager (Male) |
| 21:24 | Create | Villager (Male) |
| 21:36 | Build | Farm |
| 21:38 | Build | Farm |
| 21:39 | Build | Farm |
| 21:41 | Build | Farm |
| 21:42 | Build | Farm |
| 21:42 | Build | Farm |
| 21:42 | Build | Farm |
| 21:43 | Build | Farm |
| 21:43 | Build | Farm |
| 21:43 | Build | Farm |
| 21:44 | Build | Farm |
| 21:44 | Build | Farm |
| 21:44 | Build | Farm |
| 21:44 | Build | Farm |
| 21:44 | Build | Farm |
| 21:45 | Build | Farm |
| 21:45 | Build | Farm |
| 22:07 | Build | Mill |
| 22:18 | Create | Villager (Male) |
| 22:18 | Create | Villager (Male) |
| 22:25 | Create | Villager (Male) |
| 22:26 | Create | Villager (Male) |
| 22:31 | Create | Villager (Male) |
| 22:34 | Build | Farm |
| 22:36 | Build | Farm |
| 22:49 | Create | Villager (Male) |
| 22:49 | Create | Villager (Male) |
| 22:50 | Create | Villager (Male) |
| 22:50 | Create | Villager (Male) |
| 22:56 | Build | Farm |
| 22:58 | Build | Farm |
| 23:01 | Build | Farm |
| 23:03 | Build | Farm |
| 23:05 | Create | Villager (Male) |
| 23:05 | Create | Villager (Male) |
| 23:05 | Create | Villager (Male) |
| 23:06 | Create | Villager (Male) |
| 23:21 | Create | Villager (Male) |
| 23:22 | Create | Villager (Male) |
| 23:22 | Create | Villager (Male) |
| 23:31 | Build | Stone Wall |
| 23:32 | Create | Villager (Male) |
| 23:33 | Create | Villager (Male) |
| 23:46 | Build | Farm |
| 23:48 | Build | Farm |
| 23:50 | Create | Villager (Male) |
| 23:50 | Create | Villager (Male) |
| 23:50 | Create | Villager (Male) |
| 23:55 | Build | Farm |
| 23:56 | Build | Farm |
| 23:58 | Build | Farm |
| 24:02 | Create | Woad Raider |
| 24:03 | Create | Woad Raider |
| 24:03 | Create | Woad Raider |
| 24:21 | Create | Villager (Male) |
Build order — SMNT - TavoAoe
First 150 of 324 actions detected
| 1:23 | Build | Town Center |
| 2:42 | Build | House |
| 2:59 | Build | House |
| 3:51 | Create | Villager (Male) |
| 3:52 | Create | Villager (Male) |
| 3:52 | Create | Villager (Male) |
| 3:52 | Create | Villager (Male) |
| 4:57 | Create | Villager (Male) |
| 4:57 | Create | Villager (Male) |
| 5:10 | Build | House |
| 5:28 | Create | Villager (Male) |
| 5:29 | Create | Villager (Male) |
| 5:44 | Create | Villager (Male) |
| 5:44 | Create | Villager (Male) |
| 5:47 | Build | Lumber Camp |
| 6:19 | Create | Villager (Male) |
| 6:20 | Create | Villager (Male) |
| 6:33 | Create | Villager (Male) |
| 6:33 | Create | Villager (Male) |
| 6:52 | Research | Loom |
| 6:56 | Create | Villager (Male) |
| 6:56 | Create | Villager (Male) |
| 6:57 | Create | Villager (Male) |
| 7:00 | Create | Villager (Male) |
| 7:00 | Create | Villager (Male) |
| 7:24 | Create | Villager (Male) |
| 7:24 | Create | Villager (Male) |
| 7:33 | Build | House |
| 7:46 | Build | House |
| 7:56 | Create | Villager (Male) |
| 7:56 | Create | Villager (Male) |
| 8:21 | Build | House |
| 8:26 | Create | Villager (Male) |
| 8:27 | Create | Villager (Male) |
| 8:40 | Create | Villager (Male) |
| 8:40 | Create | Villager (Male) |
| 8:51 | Create | Villager (Male) |
| 9:19 | Create | Villager (Male) |
| 9:19 | Create | Villager (Male) |
| 9:19 | Create | Villager (Male) |
| 9:29 | Build | House |
| 9:53 | Create | Villager (Male) |
| 9:53 | Create | Villager (Male) |
| 9:53 | Create | Villager (Male) |
| 10:18 | Build | House |
| 10:22 | Build | Barracks |
| 10:44 | Build | House |
| 11:15 | Build | Mill |
| 11:47 | Research | Feudal Age |
| 11:47 | Research | Feudal Age |
| 12:07 | Build | Barracks |
| 12:21 | Build | Palisade Wall |
| 13:13 | Build | Mining Camp |
| 13:23 | Build | Palisade Wall |
| 13:57 | Age | Feudal Age |
| 14:07 | Build | Market |
| 14:09 | Create | Villager (Male) |
| 14:10 | Create | Villager (Male) |
| 14:17 | Build | Palisade Wall |
| 14:19 | Build | Palisade Wall |
| 14:27 | Build | Palisade Wall |
| 14:28 | Build | Palisade Wall |
| 14:29 | Build | Palisade Wall |
| 14:35 | Create | Villager (Male) |
| 14:36 | Create | Spearman |
| 14:39 | Build | Palisade Wall |
| 14:40 | Build | Palisade Wall |
| 14:58 | Build | Blacksmith |
| 15:00 | Create | Villager (Male) |
| 15:23 | Build | Palisade Wall |
| 15:28 | Create | Villager (Male) |
| 15:57 | Create | Villager (Male) |
| 15:58 | Create | Villager (Male) |
| 16:14 | Build | Palisade Wall |
| 16:17 | Build | Palisade Wall |
| 16:37 | Create | Villager (Male) |
| 17:03 | Build | Farm |
| 17:05 | Build | Farm |
| 17:08 | Build | Farm |
| 17:13 | Build | Farm |
| 17:15 | Build | Farm |
| 17:20 | Create | Villager (Male) |
| 17:52 | Build | Palisade Wall |
| 17:54 | Build | Palisade Wall |
| 17:55 | Build | Palisade Wall |
| 17:55 | Build | Palisade Wall |
| 18:05 | Research | Castle Age |
| 18:14 | Build | Stable |
| 18:16 | Build | Stable |
| 18:22 | Research | Scale Barding Armor |
| 18:55 | Research | Forging |
| 19:01 | Research | Double-Bit Axe |
| 19:37 | Research | Bloodlines |
| 19:38 | Research | Bloodlines |
| 19:42 | Build | Farm |
| 19:45 | Build | Farm |
| 20:45 | Age | Castle Age |
| 20:47 | Create | Knight |
| 20:47 | Create | Knight |
| 20:47 | Create | Knight |
| 20:49 | Create | Villager (Male) |
| 20:50 | Create | Villager (Male) |
| 20:53 | Build | Farm |
| 21:09 | Create | Villager (Male) |
| 21:09 | Create | Villager (Male) |
| 21:25 | Create | Knight |
| 21:26 | Create | Knight |
| 21:38 | Create | Villager (Male) |
| 21:38 | Create | Villager (Male) |
| 21:43 | Build | Farm |
| 21:44 | Build | Farm |
| 21:56 | Create | Knight |
| 21:57 | Create | Knight |
| 22:06 | Create | Villager (Male) |
| 22:08 | Build | House |
| 22:09 | Build | House |
| 22:13 | Build | House |
| 22:22 | Research | Chain Barding Armor |
| 22:39 | Build | Farm |
| 22:42 | Build | Farm |
| 22:48 | Create | Villager (Male) |
| 22:48 | Create | Villager (Male) |
| 22:53 | Build | Farm |
| 23:12 | Create | Villager (Male) |
| 23:12 | Create | Villager (Male) |
| 23:12 | Create | Villager (Male) |
| 23:15 | Build | Farm |
| 23:34 | Create | Villager (Male) |
| 23:34 | Create | Villager (Male) |
| 23:35 | Create | Villager (Male) |
| 23:49 | Build | Farm |
| 23:51 | Build | Farm |
| 24:07 | Create | Knight |
| 24:08 | Create | Knight |
| 24:08 | Create | Knight |
| 24:22 | Create | Knight |
| 24:23 | Create | Knight |
| 24:36 | Create | Knight |
| 25:05 | Create | Knight |
| 25:05 | Create | Knight |
| 25:05 | Create | Knight |
| 25:13 | Build | Mill |
| 25:14 | Build | Farm |
| 25:14 | Build | Farm |
| 25:14 | Build | Farm |
| 25:14 | Build | Farm |
| 25:15 | Build | Farm |
| 25:22 | Create | Villager (Male) |
| 25:27 | Build | House |
| 25:50 | Build | House |
Build order — Demon Backpack // Varela
First 150 of 429 actions detected
| 0:14 | Build | Town Center |
| 2:09 | Build | House |
| 2:10 | Build | House |
| 2:34 | Create | Villager (Male) |
| 2:34 | Create | Villager (Male) |
| 2:34 | Create | Villager (Male) |
| 2:34 | Create | Villager (Male) |
| 2:35 | Create | Villager (Male) |
| 3:44 | Create | Villager (Male) |
| 3:45 | Create | Villager (Male) |
| 4:10 | Create | Villager (Male) |
| 4:11 | Create | Villager (Male) |
| 4:35 | Build | Lumber Camp |
| 4:43 | Create | Villager (Male) |
| 4:43 | Create | Villager (Male) |
| 5:20 | Create | Villager (Male) |
| 5:20 | Create | Villager (Male) |
| 5:49 | Create | Villager (Male) |
| 5:50 | Create | Villager (Male) |
| 6:03 | Build | House |
| 6:04 | Build | House |
| 6:07 | Build | House |
| 6:47 | Create | Villager (Male) |
| 6:47 | Create | Villager (Male) |
| 6:48 | Create | Villager (Male) |
| 6:48 | Create | Villager (Male) |
| 6:48 | Create | Villager (Male) |
| 8:03 | Create | Villager (Male) |
| 8:03 | Create | Villager (Male) |
| 8:03 | Create | Villager (Male) |
| 8:37 | Create | Villager (Male) |
| 8:37 | Create | Villager (Male) |
| 9:50 | Build | Mining Camp |
| 9:54 | Create | Villager (Male) |
| 10:07 | Build | Mill |
| 10:12 | Create | Villager (Male) |
| 10:21 | Research | Loom |
| 10:43 | Create | Villager (Male) |
| 11:08 | Create | Villager (Male) |
| 11:28 | Research | Feudal Age |
| 11:28 | Research | Feudal Age |
| 13:22 | Create | Villager (Male) |
| 13:22 | Create | Villager (Male) |
| 13:58 | Age | Feudal Age |
| 14:01 | Build | Market |
| 14:08 | Build | Market |
| 14:13 | Build | Blacksmith |
| 14:49 | Research | Castle Age |
| 14:49 | Research | Castle Age |
| 15:23 | Research | Fletching |
| 15:34 | Build | Mining Camp |
| 15:54 | Research | Double-Bit Axe |
| 17:21 | Create | Villager (Male) |
| 17:22 | Create | Villager (Male) |
| 17:29 | Age | Castle Age |
| 17:35 | Build | Town Center |
| 17:44 | Build | Town Center |
| 18:00 | Build | Town Center |
| 18:02 | Create | Villager (Male) |
| 18:03 | Create | Villager (Male) |
| 18:47 | Create | Villager (Male) |
| 18:51 | Research | Stone Mining |
| 18:53 | Create | Villager (Male) |
| 18:53 | Create | Villager (Male) |
| 19:11 | Create | Villager (Male) |
| 19:26 | Create | Villager (Male) |
| 19:26 | Create | Villager (Male) |
| 19:40 | Create | Villager (Male) |
| 19:40 | Create | Villager (Male) |
| 19:40 | Create | Villager (Male) |
| 19:41 | Create | Villager (Male) |
| 19:41 | Create | Villager (Male) |
| 19:42 | Create | Villager (Male) |
| 19:51 | Create | Villager (Male) |
| 19:51 | Create | Villager (Male) |
| 20:00 | Create | Villager (Male) |
| 20:08 | Create | Villager (Male) |
| 20:09 | Create | Villager (Male) |
| 20:16 | Create | Villager (Male) |
| 20:28 | Build | House |
| 20:39 | Create | Villager (Male) |
| 20:52 | Create | Villager (Male) |
| 20:52 | Create | Villager (Male) |
| 20:53 | Create | Villager (Male) |
| 21:10 | Create | Villager (Male) |
| 21:10 | Create | Villager (Male) |
| 21:18 | Build | House |
| 21:23 | Build | House |
| 21:25 | Build | House |
| 21:27 | Build | House |
| 21:40 | Create | Villager (Male) |
| 21:40 | Create | Villager (Male) |
| 21:40 | Create | Villager (Male) |
| 21:45 | Build | Castle |
| 22:01 | Build | Farm |
| 22:02 | Build | Farm |
| 22:04 | Build | Farm |
| 22:07 | Build | Farm |
| 22:17 | Build | Farm |
| 22:24 | Create | Villager (Male) |
| 22:24 | Create | Villager (Male) |
| 22:24 | Create | Villager (Male) |
| 22:25 | Create | Villager (Male) |
| 22:28 | Build | Farm |
| 22:37 | Create | Villager (Male) |
| 22:38 | Create | Villager (Male) |
| 22:42 | Build | Farm |
| 22:49 | Build | Farm |
| 23:00 | Build | Farm |
| 23:09 | Build | Farm |
| 23:10 | Create | Villager (Male) |
| 23:11 | Create | Villager (Male) |
| 23:18 | Create | Villager (Male) |
| 23:18 | Create | Villager (Male) |
| 23:18 | Create | Villager (Male) |
| 23:25 | Build | Farm |
| 23:32 | Build | Farm |
| 23:35 | Create | Villager (Male) |
| 23:36 | Create | Villager (Male) |
| 23:36 | Create | Villager (Male) |
| 23:41 | Build | Farm |
| 23:42 | Create | Villager (Male) |
| 23:43 | Create | Villager (Male) |
| 23:47 | Build | Farm |
| 23:52 | Create | Villager (Male) |
| 23:53 | Create | Villager (Male) |
| 23:54 | Create | Genoese Crossbowman |
| 23:54 | Create | Genoese Crossbowman |
| 24:06 | Create | Villager (Male) |
| 24:06 | Create | Villager (Male) |
| 24:07 | Create | Villager (Male) |
| 24:07 | Create | Villager (Male) |
| 24:10 | Create | Genoese Crossbowman |
| 24:11 | Create | Genoese Crossbowman |
| 24:29 | Build | Farm |
| 24:31 | Build | Farm |
| 24:32 | Build | Farm |
| 24:44 | Create | Genoese Crossbowman |
| 24:44 | Create | Genoese Crossbowman |
| 24:49 | Create | Villager (Male) |
| 24:49 | Create | Villager (Male) |
| 24:49 | Create | Villager (Male) |
| 24:49 | Create | Villager (Male) |
| 25:11 | Build | Mining Camp |
| 25:12 | Create | Villager (Male) |
| 25:13 | Create | Villager (Male) |
| 25:13 | Create | Villager (Male) |
| 25:13 | Create | Villager (Male) |
| 25:16 | Create | Genoese Crossbowman |
| 25:16 | Create | Genoese Crossbowman |
Match timeline
| 5:37 | Valenp34 · wall_segment Palisade Wall x1 |
| 9:27 | Akash_98 · wall_segment Palisade Wall x1 |
| 9:51 | Valenp34 · first_building Barracks |
| 10:22 | SMNT - TavoAoe · first_building Barracks |
| 10:59 | TheMarshall · first_building Barracks |
| 11:10 | SMNT - KMUS · first_building Barracks |
| 11:24 | Akash_98 · wall_segment Palisade Wall x6 |
| 12:21 | SMNT - TavoAoe · wall_segment Palisade Wall x8 |
| 12:58 | SMNT - KMUS · age_up feudal |
| 13:01 | SMNT - KMUS · first_building Stable |
| 13:05 | nickneime · first_building Barracks |
| 13:09 | Akash_98 · wall_segment Palisade Wall x9 |
| 13:17 | TheMarshall · age_up feudal |
| 13:19 | MATE · age_up feudal |
| 13:23 | SMNT - TavoAoe · wall_segment Palisade Wall x2 |
| 13:40 | TheMarshall · first_building Stable |
| 13:53 | Akash_98 · wall_segment Palisade Wall x1 |
| 13:57 | SMNT - TavoAoe · age_up feudal |
| 13:58 | Demon Backpack // Varela · age_up feudal |
| 14:00 | Akash_98 · wall_segment Palisade Wall x1 |
| 14:17 | SMNT - TavoAoe · wall_segment Palisade Wall x1 |
| 14:19 | SMNT - TavoAoe · wall_segment Palisade Wall x1 |
| 14:23 | Akash_98 · age_up feudal |
| 14:27 | SMNT - TavoAoe · wall_segment Palisade Wall x1 |
| 14:28 | nickneime · age_up feudal |
| 14:28 | SMNT - TavoAoe · wall_segment Palisade Wall x1 |
| 14:29 | SMNT - TavoAoe · wall_segment Palisade Wall x1 |
| 14:33 | nickneime · first_building Stable |
| 14:39 | SMNT - TavoAoe · wall_segment Palisade Wall x1 |
| 14:40 | SMNT - TavoAoe · wall_segment Palisade Wall x1 |
| 15:23 | SMNT - TavoAoe · wall_segment Palisade Wall x1 |
| 16:14 | SMNT - TavoAoe · wall_segment Palisade Wall x1 |
| 16:16 | Akash_98 · wall_segment Palisade Wall x1 |
| 16:17 | SMNT - TavoAoe · wall_segment Palisade Wall x1 |
| 16:24 | Akash_98 · first_market_sell 100 food |
| 17:29 | Demon Backpack // Varela · age_up castle |
| 17:44 | SMNT - TavoAoe · first_market_buy 100 food |
| 17:50 | Valenp34 · first_building Stable |
| 17:52 | SMNT - TavoAoe · wall_segment Palisade Wall x1 |
| 17:54 | SMNT - TavoAoe · wall_segment Palisade Wall x1 |
| 17:55 | SMNT - TavoAoe · wall_segment Palisade Wall x1 |
| 17:55 | SMNT - TavoAoe · wall_segment Palisade Wall x1 |
| 17:58 | nickneime · age_up castle |
| 18:14 | SMNT - TavoAoe · first_building Stable |
| 18:58 | Valenp34 · first_market_buy 100 food |
| 19:06 | Valenp34 · wall_segment Palisade Wall x7 |
| 19:11 | Valenp34 · wall_segment Palisade Wall x1 |
| 19:12 | Valenp34 · wall_segment Palisade Wall x1 |
| 19:43 | Akash_98 · wall_segment Palisade Wall x1 |
| 20:00 | Akash_98 · age_up castle |
| 20:00 | Valenp34 · first_market_sell 100 wood |
| 20:10 | TheMarshall · wall_segment Palisade Wall x1 |
| 20:10 | Valenp34 · first_building Castle |
| 20:10 | TheMarshall · wall_segment Palisade Wall x1 |
| 20:13 | TheMarshall · wall_segment Palisade Wall x1 |
| 20:15 | TheMarshall · wall_segment Palisade Wall x7 |
| 20:24 | Valenp34 · wall_segment Palisade Wall x8 |
| 20:45 | SMNT - TavoAoe · age_up castle |
| 21:08 | nickneime · first_building Castle |
| 21:11 | Valenp34 · wall_segment Palisade Wall x1 |
| 21:14 | Valenp34 · wall_segment Palisade Wall x1 |
| 21:16 | Akash_98 · first_building Castle |
| 21:28 | TheMarshall · age_up castle |
| 21:29 | Akash_98 · wall_segment Palisade Wall x1 |
| 21:30 | SMNT - TavoAoe · first_market_sell 100 wood |
| 21:39 | Akash_98 · wall_segment Palisade Wall x1 |
| 21:41 | Akash_98 · wall_segment Palisade Wall x1 |
| 21:44 | Akash_98 · wall_segment Palisade Wall x1 |
| 21:45 | Demon Backpack // Varela · first_building Castle |
| 21:53 | SMNT - KMUS · first_building Archery Range |
| 22:56 | TheMarshall · wall_segment Palisade Wall x8 |
| 22:59 | TheMarshall · wall_segment Palisade Wall x11 |
| 23:14 | Valenp34 · first_building Siege Workshop |
| 23:28 | Valenp34 · first_building Monastery |
| 23:31 | nickneime · wall_segment Stone Wall x10 |
| 23:41 | SMNT - KMUS · first_market_sell 100 wood |
| 25:07 | Demon Backpack // Varela · tribute_sent a jugador 1 |
| 25:07 | Demon Backpack // Varela · tribute_sent a jugador 2 |
| 25:07 | Demon Backpack // Varela · tribute_sent a jugador 3 |
| 25:07 | Demon Backpack // Varela · tribute_sent a jugador 4 |
| 25:07 | Demon Backpack // Varela · tribute_sent a jugador 5 |
| 25:07 | Demon Backpack // Varela · tribute_sent a jugador 6 |
| 25:07 | Demon Backpack // Varela · tribute_sent a jugador 8 |
| 25:09 | Akash_98 · wall_segment Palisade Wall x1 |
| 25:11 | Akash_98 · wall_segment Palisade Wall x1 |
| 25:18 | nickneime · wall_segment Stone Wall x2 |
| 25:42 | Akash_98 · tribute_sent a jugador 1 |
| 25:42 | Akash_98 · tribute_sent a jugador 2 |
| 25:42 | Akash_98 · tribute_sent a jugador 4 |
| 25:42 | Akash_98 · tribute_sent a jugador 5 |
| 25:42 | Akash_98 · tribute_sent a jugador 6 |
| 25:42 | Akash_98 · tribute_sent a jugador 7 |
| 25:42 | Akash_98 · tribute_sent a jugador 8 |
| 25:59 | nickneime · wall_segment Stone Wall x3 |
| 26:41 | SMNT - KMUS · age_up castle |
| 27:04 | SMNT - KMUS · first_market_buy 100 stone |
| 27:14 | SMNT - KMUS · first_building Castle |
| 27:18 | SMNT - KMUS · first_building Siege Workshop |
| 27:35 | nickneime · wall_segment Stone Wall x7 |
| 27:40 | nickneime · wall_segment Stone Wall x7 |
| 27:42 | nickneime · wall_segment Stone Wall x3 |
| 28:09 | MATE · wall_segment Palisade Wall x1 |
| 28:10 | nickneime · first_building Siege Workshop |
| 28:50 | nickneime · wall_segment Stone Wall x1 |
| 28:58 | MATE · wall_segment Palisade Wall x1 |
| 29:37 | Demon Backpack // Varela · first_building Barracks |
| 30:30 | Demon Backpack // Varela · first_building Archery Range |
| 30:48 | Akash_98 · first_market_buy 100 food |
| 31:31 | nickneime · wall_segment Stone Wall x5 |
| 31:34 | nickneime · wall_segment Stone Wall x9 |
| 31:57 | TheMarshall · first_building Castle |
| 34:42 | nickneime · wall_segment Stone Wall x1 |
| 34:49 | nickneime · age_up imperial |
| 35:23 | MATE · wall_segment Palisade Wall x1 |
| 36:36 | Demon Backpack // Varela · age_up imperial |
| 36:38 | SMNT - TavoAoe · first_building Castle |
| 37:18 | TheMarshall · first_building Archery Range |
| 37:30 | MATE · first_market_buy 100 food |
| 37:33 | MATE · first_market_sell 100 wood |
| 38:02 | Demon Backpack // Varela · first_building Siege Workshop |
| 39:21 | TheMarshall · age_up imperial |
| 40:40 | MATE · age_up castle |
| 42:21 | SMNT - KMUS · age_up imperial |
| 42:54 | nickneime · wall_segment Stone Wall x1 |
| 44:39 | nickneime · wall_segment Stone Wall x1 |
| 44:40 | nickneime · wall_segment Stone Wall x1 |
| 45:30 | MATE · first_building Barracks |
| 47:08 | nickneime · tribute_sent a jugador 1 |
| 47:08 | nickneime · tribute_sent a jugador 2 |
| 47:08 | nickneime · tribute_sent a jugador 3 |
| 47:08 | nickneime · tribute_sent a jugador 4 |
| 47:08 | nickneime · tribute_sent a jugador 6 |
| 47:08 | nickneime · tribute_sent a jugador 7 |
| 47:08 | nickneime · tribute_sent a jugador 8 |
| 47:39 | SMNT - TavoAoe · resign |
[ AI ANALYSIS · 1 CREDIT ]
What really happened in this match?
Wolo.gg analyzes every decision: build order, eco, micro, common mistakes by bracket. Personalized analysis on WhatsApp or Discord in 30 seconds.
Civ guide
Romans
Map guide
African Clearing
Perfil
Valenp34